Match 47231165
Unlisted

Match 47231165
End
Construct Section Command Post
Selects Air and Sea Battlegroup
Dingo Light Scout Car
Infantry Section
ML 3-inch Mortar Team
Vickers Machine Gun Team
Construct Platoon Command Post
Humber Armored Car
Selects Commando Section Paradrop
Commando Section Paradrop
Humber Armored Car
Light Vehicle Training
Selects M1 Pack Howitzer Paradrop
Selects Supply Surplus
M1 Pack Howitzer Paradrop
Construct Resource Cache
Construct Company Command Post
M1 Pack Howitzer Paradrop
Crusader II Medium Tank
Unlock M3 Grant Medium Tanks
Selects Anti-tank Rocket Loiter
Anti-tank Rocket Loiter
Unlock Towed 17-pounder Anti-tank Guns
Selects UNKNOWN (223837)
17-pounder Anti-tank Gun Team
Team Weapon Training
17-pounder Anti-tank Gun Team
Sumanai_Eugen
Kakamora
Firm Hands
Happy Se Hyeon
[PD] [9C] [FT] Claudius Tacitus
Nico-Nico-Nii~~
Mr.Wu
nogadaman
0
0

Comments sign in to comment!

No comments posted yet!